 Dungeon Crawl Stone Soup version 0.30-a0-358-g0d69a1922f (webtiles) character file.

Game seed: 6984838725951860607

31413 mcwallace the Octopoid Aeon (level 13, -7/83 HPs)
             Began as an Octopode Fire Elementalist on Nov 10, 2022.
             Was the Champion of Cheibriados.
             Killed from afar by an efreet (12 damage)
             ... with a fireball
             ... in a volcano on Nov 11, 2022.
             The game lasted 01:02:53 (19754 turns).

mcwallace the Octopoid Aeon (OpFE)                 Turns: 19754, Time: 01:02:53

Health: -7/83      AC:  5    Str: 23    XL:     13   Next: 58%
Magic:  10/24      EV: 24    Int: 43    God:    Cheibriados [******]
Gold:   844        SH: 17    Dex: 33    Spells: 13/26 levels left

rFire   + . .      SeeInvis +    W - +6 flail of Doubt {vorpal, rF+ rC+ rN+ Stlth+, mace}
rCold   + + .      Faith    .    P - +3 kite shield "Soan" {rN+}
rNeg    + + .      Spirit   .    (helmet restricted)
rPois   .          Reflect  .    y - amulet of Qyhoc {Acrobat rC+}
rElec   .          Harm     .    D - ring of resist corrosion
rCorr   +          Rampage  .    S - +6 ring of dexterity
Will    .....                    q - +4 ring of protection
Stlth   +++++.....               Z - +6 ring of intelligence
HPRegen 0.33/turn                X - ring of see invisible
MPRegen 0.19/turn                (no ring)
                                 (no ring)
                                 (no ring)

@: wereblooded, studying 2 skills, very slow
A: almost no armour, amphibious, 8 rings, camouflage 1, gelatinous body 1,
(nimble swimmer 1), tentacles
a: Renounce Religion, Bend Time, Temporal Distortion, Slouch, Step From Time


You were in a volcano.
You worshipped Cheibriados.
Cheibriados was exalted by your worship.
You visited 3 branches of the dungeon, and saw 15 of its levels.
You also visited: Bailey and Volcano.

You collected 844 gold pieces.


Innate Abilities, Weirdness & Mutations

You cannot wear most types of armour.
You are amphibious.
You can wear up to eight rings at the same time.
Your skin changes colour to match your surroundings (Stealth+).
Your rubbery body absorbs attacks. (AC +1, EV +1)
((You are camouflaged when in or above water. (Stealth+)))
You have tentacles for arms and can constrict up to eight enemies at once.


   Skills:
 - Level 6.0 Fighting
 + Level 10.5 Dodging
 - Level 2.6 Stealth
 + Level 8.0 Shields
 - Level 7.3 Spellcasting
 - Level 5.0 Conjurations
 + Level 9.0 Transmutations
 - Level 8.9 Fire Magic
 + Level 10.5 Invocations


You had 13 spell levels left.
You knew the following spells:

 Your Spells              Type           Power      Damage    Failure   Level
a - Foxfire               Conj/Fire      100%       2x1d9     1%          1
b - Scorch                Fire           100%       2d10      1%          2
c - Flame Wave            Conj/Fire      66%        2d15      2%          4
d - Wereblood             Tmut           76%        N/A       1%          2
e - Inner Flame           Hex/Fire       53%        N/A       2%          3
f - Shock                 Conj/Air       100%       1d9       1%          1

Your spell library contained the following spells:

 Spells                   Type           Power      Damage    Failure   Level
 Beastly Appendage        Tmut           100%       N/A       1%          1
 Spider Form              Tmut/Pois      53%        N/A       2%          3
 Summon Small Mammal      Summ           60%        N/A       4%          1
 Kindle Blastsparks       Fire/Tloc/Air  82%        2d16      4%          3
 Sublimation of Blood     Necr           15%        N/A       7%          2
 Call Canine Familiar     Summ           15%        N/A       14%         3
 Summon Guardian Golem    Hex/Summ       15%        N/A       14%         3
 Swiftness                Air            15%        N/A       14%         3
 Airstrike                Air            7%         2d(2-18)  41%         4
 Summon Forest            Summ/Tloc      7%         N/A       77%         5
 Summon Mana Viper        Hex/Summ       15%        N/A       77%         5
 Summon Cactus Giant      Summ           7%         N/A       100%        6
 Summon Hydra             Summ           7%         N/A       100%        7

Inventory:

Hand Weapons
 G - the +7 war axe of Kotoent {elec, rElec SInv, axe}
   (You found it on level 7 of the Dungeon)

   It occasionally discharges a powerful burst of electricity upon striking a
   foe.
   rElec:     It insulates you from electricity.
   SInv:      It lets you see invisible.
 W - the +6 flail of Doubt (weapon) {vorpal, rF+ rC+ rN+ Stlth+, mace}
   (You found it on level 2 of the Lair of Beasts)

   It inflicts extra damage upon your enemies.
   rF:        It protects you from fire.
   rC:        It protects you from cold.
   rN:        It protects you from negative energy.
   Stlth:     It makes you more stealthy.
Missiles
 z - 42 poisoned darts {throwing}
 I - 3 curare-tipped darts {=fthrowing}
Armour
 c - a +0 kite shield
   (You took it off a gnoll sergeant on level 7 of the Dungeon)
 o - a +0 cloak
   (You found it on level 2 of the Dungeon)
 M - a +0 buckler
   (You took it off a gnoll sergeant on level 9 of the Dungeon)
 P - the +3 kite shield "Soan" (worn) {rN+}
   (You found it in a bailey)

   rN:        It protects you from negative energy.
Magical Staves
 n - a staff of death {!astaff}
   (You found it on level 2 of the Dungeon)
 O - a staff of cold {!astaff}
   (You found it in a bailey)
Jewellery
 q - a +4 ring of protection (on tentacle)
   (You found it on level 2 of the Lair of Beasts)
 y - the amulet of Qyhoc (around mantle) {Acrobat rC+}
   (You found it on level 4 of the Dungeon)

   [amulet of the acrobat]

   It increases your evasion while moving and waiting.
   rC:        It protects you from cold.
 D - a ring of resist corrosion (left tentacle)
   (You found it on level 7 of the Dungeon)
 S - a +6 ring of dexterity (right tentacle)
   (You found it on level 10 of the Dungeon)
 X - a ring of see invisible (on tentacle)
   (You found it on level 2 of the Lair of Beasts)
 Z - a +6 ring of intelligence (on tentacle)
   (You found it on level 2 of the Lair of Beasts)
Wands
 w - a wand of flame (20)
   (You took it off a hobgoblin on level 4 of the Dungeon)
 H - a wand of polymorph (11)
   (You found it on level 7 of the Dungeon)
 J - a wand of roots (8)
   (You took it off an orc on level 8 of the Dungeon)
 Q - a wand of acid (11)
   (You took it off a vampire on level 11 of the Dungeon)
 U - a wand of mindburst (6)
   (You found it on level 11 of the Dungeon)
 V - a wand of paralysis (8)
   (You found it on level 1 of the Lair of Beasts)
Scrolls
 b - 4 scrolls of enchant armour
 d - 3 scrolls of vulnerability {unknown}
 e - 6 scrolls of teleportation {@r4}
 g - 3 scrolls of enchant weapon
 k - 2 scrolls of poison {unknown}
 l - 3 scrolls of immolation {unknown}
 u - a scroll of fear
 C - 2 scrolls of silence {unknown}
 E - 3 scrolls of summoning {unknown}
 K - a scroll of magic mapping {unknown}
 N - 2 scrolls of amnesia {unknown}
 R - a scroll of noise {unknown}
 Y - a scroll of identify {@r1}
Potions
 a - 4 potions of magic
 f - 2 potions of might
 h - 2 potions of attraction {!q}
 i - 4 potions of resistance
 m - 7 potions of curing {@q1}
 p - 2 potions of ambrosia
 r - a potion of cancellation {unknown}
 s - 2 potions of lignification {unknown}
 t - 3 potions of brilliance
 v - 2 potions of heal wounds {unknown}
 x - a potion of invisibility {unknown}
 A - a potion of flight {unknown}
 B - a potion of haste {unknown}
 F - a potion of degeneration {unknown}
 L - a potion of mutation {unknown}
Miscellaneous
 j - a condenser vane
   (You found it on level 7 of the Dungeon)
 T - a box of beasts
   (You found it on level 11 of the Dungeon)

Dungeon Overview and Level Annotations

Branches:
Dungeon (11/15) Zot: 37845  Temple (1/1) D:4 Zot: 8788    Lair (3/5) D:11 Zot: 22314
  Swamp (0/4) Lair:2        Snake (0/4) Lair:2          Orc (0/2) D:11
 Bailey (visited)         Volcano (1/1) Zot: 8781

Altars:
Ashenzari
Cheibriados
Dithmenos
Elyvilon
Fedhas
Gozag
Hepliaklqana
Kikubaaqudgha
Makhleb
Nemelex Xobeh
Okawaru
Qazlal
Ru
Sif Muna
Trog
Uskayaw
Vehumet
Wu Jian
Xom
Yredelemnul
Zin
The Shining One

Shops:
D:7 (

Annotations:
D:6 3 runed translucent doors, jlumianski's ghost, novice DsFi
D:10 Fannar

≈≈...##
≈§§≈...
≈≈○○≈≈.
≈○≈≈○○.
≈≈○○.○.
○○○..#
##R○.# #@##
#○○##
##≈○○##
#≈≈§○§##
#≈≈§≈§.##
#§≈§§≈..#
#○○≈≈..##
##≈≈≈..##
###+###'###


You could see an efreet.


Message History

Really wriggle into that cloud of flame? [Y]es or [N]o only, please.
Really wriggle into that cloud of flame?
Okay, then.
You are engulfed in blazing flames.
You resist. 😮 HP[-24]
You take 24 damage, and now have 59/83 hp.
MASSIVE DAMAGE!! (PAUSE) 😮 HP[+1] 😮 HP[+1]
You open the door. 😮 HP[+1]
A fire vortex, 2 fire elementals and 2 efreet come into view.
An efreet is wielding a +3 scimitar of flaming.
An efreet is wielding a +4 scimitar of flaming.
The efreet gestures at you. The bolt of fire misses you.
There is an open door here.
Casting: Shock (safe; 1% risk of failure)
Confirm with . or Enter, or press ? or * to list all spells.
Aiming: Shock (safe; 1% risk of failure)
Press: ? - help, Shift-Dir - straight line The zap hits the efreet but does no damage.
The zap hits the efreet.
The efreet gestures at you.
The fireball explodes!
The fireball engulfs you! You resist.
You hear a roar! x2 😮 HP[-8] MP[-1]
You take 8 damage, and now have 54/83 hp.
You lost 1 mp, and now have 23/24 mp.
Casting: Shock (safe; 1% risk of failure)
Confirm with . or Enter, or press ? or * to list all spells.
Aiming: Shock (safe; 1% risk of failure)
Press: ? - help, Shift-Dir - straight line The zap hits the efreet. x2 😮 MP[-1]
You lost 1 mp, and now have 22/24 mp.
Casting: Shock (safe; 1% risk of failure)
Confirm with . or Enter, or press ? or * to list all spells.
Aiming: Shock (safe; 1% risk of failure)
Press: ? - help, Shift-Dir - straight line The zap hits the efreet.
The zap hits the fire elemental.
The fire elemental completely resists.
The efreet gestures at you. The bolt of fire misses you. 😮 MP[-1]
You lost 1 mp, and now have 21/24 mp.
Casting: Shock (safe; 1% risk of failure)
Confirm with . or Enter, or press ? or * to list all spells.
Your blood is infused with primal strength.
The fire elemental hits you. The fire elemental burns you! You resist.
The efreet gestures at you.
The fireball explodes!
The fireball engulfs the fire elemental.
The fire elemental completely resists.
The fireball engulfs you! You resist.
* * * LOW HITPOINT WARNING * * *
The fireball engulfs the efreet.
The efreet completely resists.
The fireball engulfs the fire elemental.
The fire elemental completely resists. 😨 HP[-15] MP[-2]
You take 15 damage, and now have 39/83 hp.
You lost 2 mp, and now have 19/24 mp.
Unknown command.
Unknown command.
You hit the fire elemental. Your squeeze misses the fire elemental.
You are engulfed in blazing flames.
You resist.
* * * LOW HITPOINT WARNING * * *
You block the fire elemental's attack.
The fire elemental misses you. 😨 HP[-11] MP[+1]
You take 11 damage, and now have 28/83 hp.
Activating: Slouch (1% risk of failure)
Press: ? - help, Dir - look around, f - activate You can feel time thicken for a moment.
You feel a bit better.
You destroy the fire elemental!
Cheibriados thoroughly appreciates the change of pace.
You are engulfed in blazing flames.
You resist.
* * * LOW HITPOINT WARNING * * *
Your Transmutations skill increases to level 9! 😨 HP[-1] MP[-5]
You take 1 damage, and now have 27/83 hp.
You lost 5 mp, and now have 15/24 mp.
Activating: Slouch (1% risk of failure)
Press: ? - help, Dir - look around, f - activate You can feel time thicken for a moment.
You kill the efreet!
Cheibriados appreciates the change of pace.
You destroy the fire elemental!
Cheibriados appreciates the change of pace.
You are engulfed in blazing flames.
You resist.
* * * LOW HITPOINT WARNING * * *
😱 HP[-10] MP[-5]
You take 10 damage, and now have 17/83 hp.
You lost 5 mp, and now have 10/24 mp.
Unknown command.
You sock the efreet! Your squeeze misses the efreet.
You are engulfed in blazing flames.
You resist.
* * * LOW HITPOINT WARNING * * *
The efreet completely misses you. The efreet gestures at you.
The fireball explodes!
The fireball engulfs you! You resist.
You die...

Skill      XL: |  1  2  3  4  5  6  7  8  9 10 11 12 13 |
---------------+----------------------------------------+-----
Fighting       | 1 2 3 4 5 6 |  6.0
Dodging        | 3 4 5 6 7 8 9 10 | 10.5
Spellcasting   | 3 4 5 6 7 |  7.3
Conjurations   | 2 3 4 5 |  5.0
Fire Magic     | 4 5 6 7 8 |  8.9
Invocations    | 1 3 4 6 7 9 10 | 10.5
Transmutations | 2 4 6 7 9 |  9.0
Shields        | 3 4 6 8 |  8.0
Stealth        | |  2.6

Action                   |  1- 3 |  4- 6 |  7- 9 | 10-12 | 13-15 || total
-------------------------+-------+-------+-------+-------+-------++-------
Melee: Dagger            |    26 |    28 |     7 |       |       ||    61
       Tentacles         |    11 |     4 |     6 |    30 |    22 ||    73
       Unarmed           |     1 |       |       |       |       ||     1
       Constrict         |     8 |     6 |    12 |    19 |     5 ||    50
       War axe           |       |       |    18 |   116 |    56 ||   190
       Punch             |       |       |     1 |     2 |       ||     3
       Flail             |       |       |       |       |    19 ||    19
 Cast: Foxfire           |    32 |    68 |   257 |   452 |    34 ||   843
       Scorch            |       |     1 |    31 |    38 |     5 ||    75
       Flame Wave        |       |       |       |    24 |    11 ||    35
       Wereblood         |       |       |       |     8 |     8 ||    16
       Inner Flame       |       |       |       |     3 |       ||     3
       Shock             |       |       |       |       |    13 ||    13
Invok: Slouch            |       |       |       |     5 |     2 ||     7
Evoke: Wand              |       |       |     1 |     6 |     1 ||     8
       Condenser vane    |       |       |       |     1 |       ||     1
  Use: Scroll            |       |     1 |     8 |     5 |       ||    14
       Potion            |       |       |       |     1 |       ||     1
 Stab: Sleeping          |       |       |       |     2 |       ||     2
Armor: Skin              |     2 |     1 |     3 |     9 |    12 ||    27
Dodge: Dodged            |    20 |    13 |    48 |   297 |   118 ||   496
Block: Buckler           |       |       |       |    82 |    37 ||   119
       Kite shield       |       |       |       |       |     3 ||     3

Levels and vault maps discovered:
D:1:      ldierk_water_garden, layout_basic
D:2:      layout_loops_ring, palyth_stone_intersect,
          chequers_hall_statues_corner_a, serial_bayou_lagoon_a, uniq_sigmund
D:3:      layout_loops_ring, kennysheep_okawaru_gauntlet,
          hellmonk_ecumenical_altar_pennies_from_heaven,
          nicolae_elevator_lobby_asterisk, uniq_terence
D:4:      minmay_general_purpose_star, layout_basic,
          minmay_temple_entry_butterflies, minmay_manual_mess, uniq_natasha
D:5:      layout_rooms, uniq_edmund, uniq_pikel
D:6:      layout_loops_corners, nicolae_kikubaaqudgha_miasma_corner,
          gammafunk_ghost_icy, fountainhead, corexii_shack, kennysheep_nub,
          grunt_ministairs_15, minmay_manual_mail
D:7:      minmay_blocky_corners, layout_rooms, serial_shops,
          nicolae_shop_hallway_plus, nicolae_kite_square_tiling_tiny,
          minmay_misc_feat_five
D:8:      layout_layer_cave, mainiacjoe_overflow_boulevard, kennysheep_mini
D:9:      lemuel_troll_bridge, layout_loops_ring
D:10:     layout_stronghold, mainiacjoe_overflow_paths, lemuel_crystal_altar,
          mainiacjoe_overflow_24_doors, mainiacjoe_overflow_chevrons,
          enter_bailey_5, grunt_ministairs_4, uniq_fannar
D:11:     layout_stronghold, erik_lair_island, zombieorc2_lemuel,
          serial_column_ruins, column_ruins_hut, column_ruins_hut_pillars,
          column_ruins_columns_straight, column_ruins_grid_4,
          column_ruins_grid_1, column_ruins_grid_3,
          column_ruins_columns_straight
Temple:   nicolae_temple_superstar
Lair:1:   layout_roguey, wad_woods_road_03
Lair:2:   layout_roguey, swamp_mist, minmay_snake_entry_guardpost_small,
          gammafunk_lair_bear_cave
Lair:3:   layout_concentric_octagons, lightli_volcano_entry_magma_tube,
          minivault_11, forest_entry_grove
Volcano:  volcano_aerie

Notes
Turn   | Place    | Note
-------+----------+-------------------------------------------
     0 | D:1      | mcwallace the Octopode Fire Elementalist began the quest
                  | for the Orb.
     0 | D:1      | Reached XP level 1. HP: 11/11 MP: 3/3
     0 | D:1      | magus.rc [v1.9.6]
   215 | D:1      | Reached XP level 2. HP: 15/18 MP: 1/5
   282 | D:1      | You pick up a book of Callings and begin reading...
   282 | D:1      | You add the spells Summon Small Mammal, Call Canine
                  | Familiar and Summon Guardian Golem to your library.
   679 | D:1      | You pick up a book of Blood and begin reading...
   679 | D:1      | You add the spells Sublimation of Blood, Wereblood and
                  | Summon Hydra to your library.
   784 | D:2      | You pick up a book of Changes and begin reading...
   784 | D:2      | You add the spells Beastly Appendage and Spider Form to
                  | your library.
   856 | D:2      | Noticed Sigmund
   866 | D:2      | Reached skill level 1 in Fighting
   866 | D:2      | Reached XP level 3. HP: 19/23 MP: 3/6
   880 | D:2      | Learned a level 2 spell: Scorch
  1195 | D:2      | Killed Sigmund
  1196 | D:2      | Reached skill level 2 in Fighting
  1196 | D:2      | Reached skill level 3 in Dodging
  1196 | D:2      | Reached skill level 3 in Spellcasting
  1196 | D:2      | Reached skill level 2 in Conjurations
  1196 | D:2      | Reached XP level 4. HP: 29/29 MP: 1/8
  1196 | D:2      | Reached XP level 5. HP: 34/34 MP: 1/9
  1535 | D:2      | Reached XP level 6. HP: 22/39 MP: 0/10
  1812 | D:2      | Reached skill level 4 in Fire Magic
  1985 | D:3      | Found a faded altar of an unknown god.
  2196 | D:3      | Noticed Terence
  2212 | D:3      | Killed Terence
  2282 | D:3      | Found an iron altar of Okawaru.
  2985 | D:4      | Reached skill level 3 in Conjurations
  3061 | D:4      | Found a staircase to the Ecumenical Temple.
  3070 | Temple   | Entered the Ecumenical Temple
  3201 | Temple   | Became a worshipper of Cheibriados the Contemplative
  3316 | D:4      | Reached XP level 7. HP: 45/45 MP: 7/12
  3737 | D:4      | Identified a +1 robe of the Archmagi
  3741 | D:4      | Reached * piety under Cheibriados
  3886 | D:4      | Reached skill level 3 in Fighting
  4040 | D:4      | Identified the amulet of Qyhoc {Acrobat rC+}
  4082 | D:4      | Noticed Natasha
  4087 | D:4      | Killed Natasha
  4088 | D:4      | Reached skill level 4 in Dodging
  4129 | D:4      | Noticed Natasha
  4133 | D:4      | Killed Natasha
  4379 | D:4      | Noticed Natasha
  4382 | D:4      | Killed Natasha
  4607 | D:5      | Entered Level 5 of the Dungeon
  4683 | D:5      | Reached skill level 1 in Invocations
  4690 | D:5      | Reached skill level 4 in Spellcasting
  4690 | D:5      | Reached XP level 8. HP: 52/52 MP: 1/14
  4759 | D:5      | Identified a +2 robe of the Archmagi
  4759 | D:5      | Noticed Pikel
  4768 | D:5      | Killed Pikel
  4769 | D:5      | Reached skill level 4 in Fighting
  4769 | D:5      | Reached skill level 4 in Conjurations
  4769 | D:5      | Reached skill level 5 in Fire Magic
  4769 | D:5      | Reached skill level 2 in Invocations
  5196 | D:5      | Identified the +2 pair of boots of Obror {rElec}
  5213 | D:5      | Noticed Edmund
  5218 | D:5      | Killed Edmund
  5518 | D:5      | Learned a level 4 spell: Flame Wave
  5533 | D:6      | Reached skill level 5 in Dodging
  5533 | D:6      | Reached skill level 3 in Invocations
  5648 | D:6      | Reached XP level 9. HP: 59/59 MP: 12/16
  6022 | D:6      | Found a runed translucent gate.
  6022 | D:6      | Found a runed translucent gate.
  6022 | D:6      | Found a runed translucent gate.
  6050 | D:6      | Reached ** piety under Cheibriados
  6055 | D:6      | Noticed a manticore
  6065 | D:6      | HP: 11/60 [manticore/volley of spikes (11)]
  6076 | D:6      | You fall into a shaft and drop 1 floor!
  6113 | D:7      | HP: 6/60 [centaur/arrow (10)]
  6298 | D:7      | Identified the +7 war axe of Kotoent {elec, rElec SInv}
  6311 | D:7      | Found Ucsot's Antique Weapon Emporium.
  6347 | D:7      | Reached skill level 5 in Spellcasting
  6349 | D:7      | Reached skill level 5 in Conjurations
  6428 | D:7      | Reached skill level 5 in Fighting
  6613 | D:6      | Reached skill level 6 in Fire Magic
  6673 | D:6      | Reached skill level 1 in Transmutations
  6703 | D:6      | Found an ancient bone altar of Kikubaaqudgha.
  6795 | D:6      | Reached skill level 4 in Invocations
  6964 | D:6      | Killed a manticore
  6965 | D:6      | Reached skill level 2 in Transmutations
  7105 | D:6      | Reached *** piety under Cheibriados
  7300 | D:6      | Noticed jlumianski's ghost (novice DsFi)
  7562 | D:6      | Reached skill level 6 in Dodging
  7747 | D:6      | magus.rc [v1.9.6]
  8017 | D:7      | Noticed a troll
  8022 | D:7      | Noticed a manticore
  8024 | D:7      | Killed a troll
  8025 | D:7      | Reached XP level 10. HP: 68/68 MP: 9/18
  8176 | D:7      | Reached skill level 5 in Invocations
  8253 | D:7      | Reached skill level 3 in Transmutations
  8378 | D:7      | Reached skill level 6 in Fighting
  8391 | D:7      | Noticed a manticore
  8398 | D:7      | Killed a manticore
  8399 | D:7      | Reached skill level 1 in Shields
  8399 | D:7      | Reached skill level 6 in Spellcasting
  8508 | D:7      | Killed a manticore
  8509 | D:7      | Reached skill level 7 in Fire Magic
  9084 | D:8      | Reached **** piety under Cheibriados
  9380 | D:8      | Found a sparkling altar of Nemelex Xobeh.
  9956 | D:8      | Reached skill level 2 in Shields
 10273 | D:8      | Found an opulent altar of Gozag.
 10528 | D:8      | Learned a level 2 spell: Wereblood
 10579 | D:8      | Reached skill level 4 in Transmutations
 10897 | D:8      | Reached skill level 6 in Invocations
 11042 | D:9      | Reached skill level 7 in Dodging
 11155 | D:9      | Reached skill level 3 in Shields
 11155 | D:9      | Reached XP level 11. HP: 72/72 MP: 1/20
 11376 | D:9      | HP: 3/72 [yak (17)]
 11571 | D:9      | HP: 12/72 [gnoll sergeant/+0 trident (13)]
 11659 | D:9      | Reached ***** piety under Cheibriados
 11857 | D:9      | Reached skill level 5 in Transmutations
 12251 | D:9      | Reached skill level 7 in Spellcasting
 12262 | D:9      | Reached skill level 4 in Shields
 12319 | D:9      | Reached skill level 8 in Fire Magic
 12542 | D:9      | Reached skill level 7 in Invocations
 13038 | D:10     | Entered Level 10 of the Dungeon
 13081 | D:10     | Found a blossoming altar of Fedhas.
 13084 | D:10     | Noticed Fannar
 13194 | D:10     | Found a flagged portal.
 13198 | D:10     | Paralysed by a hornet for 1 turns
 13242 | Bailey   | Entered a bailey
 13385 | Bailey   | Learned a level 3 spell: Inner Flame
 13739 | Bailey   | Identified the +3 kite shield "Soan" {rN+}
 13882 | D:10     | Reached skill level 8 in Dodging
 14038 | D:10     | Found an ornate altar of the Wu Jian Council.
 14061 | D:10     | Found a hazy altar of Hepliaklqana.
 14167 | D:10     | Found a shimmering altar of Xom.
 14416 | D:10     | HP: 14/72 [spore (49)]
 14436 | D:10     | Reached skill level 6 in Transmutations
 14854 | D:11     | Noticed a cyan ugly thing
 14859 | D:11     | Reached XP level 12. HP: 70/79 MP: 18/23
 14866 | D:11     | Reached skill level 5 in Shields
 14866 | D:11     | Reached skill level 8 in Invocations
 15369 | D:11     | You pick up a book of the Wilderness and begin reading...
 15369 | D:11     | You add the spells Summon Forest, Summon Mana Viper and
                  | Summon Cactus Giant to your library.
 15415 | D:11     | Found a staircase to the Lair.
 15632 | D:11     | Noticed a catoblepas
 15645 | D:11     | HP: 3/79 [catoblepas (32)]
 15646 | D:11     | Killed a catoblepas
 15714 | D:11     | HP: 19/79 [troll (11)]
 15716 | D:11     | HP: 9/79 [troll (10)]
 15716 | D:11     | HP: 2/79 [troll (7)]
 16099 | D:11     | Reached skill level 7 in Transmutations
 16111 | D:11     | Found a staircase to the Orcish Mines.
 16113 | D:11     | Reached skill level 9 in Dodging
 16542 | Lair:1   | Entered Level 1 of the Lair of Beasts
 16701 | Lair:1   | Reached skill level 6 in Shields
 16761 | Lair:1   | Reached skill level 9 in Invocations
 16859 | Lair:1   | You pick up a book of Air and begin reading...
 16859 | Lair:1   | You add the spells Shock, Swiftness and Airstrike to your
                  | library.
 17092 | Lair:1   | HP: 18/79 [polar bear (4)]
 17622 | Lair:2   | Reached ****** piety under Cheibriados
 17625 | Lair:2   | Identified the +6 flail of Doubt {vorpal, rF+ rC+ rN+
                  | Stlth+}
 17851 | Lair:2   | Reached XP level 13. HP: 83/83 MP: 18/24
 17938 | Lair:2   | Reached skill level 8 in Transmutations
 17949 | Lair:2   | Reached skill level 7 in Shields
 18237 | Lair:2   | Reached skill level 10 in Dodging
 18503 | Lair:2   | Found a staircase to the Snake Pit.
 18546 | Lair:2   | Reached skill level 10 in Invocations
 19062 | Lair:2   | Found a staircase to the Swamp.
 19317 | Lair:2   | magus.rc [v1.9.6]
 19568 | Lair:3   | Found a dark tunnel.
 19579 | Volcano  | Entered a volcano
 19599 | Volcano  | Reached skill level 8 in Shields
 19694 | Volcano  | Learned a level 1 spell: Shock
 19753 | Volcano  | Reached skill level 9 in Transmutations
 19753 | Volcano  | HP: 17/83 [something (10)]
 19754 | Volcano  | HP: 5/83 [something (12)]
 19754 | Volcano  | Killed from afar by an efreet

Vanquished Creatures
  A hydra (Lair:2)
  A catoblepas (D:11)
  Pikel (D:5)
  An ugly thing (D:11)
  3 manticores
  3 elephants (Lair:2)
  A black mamba (Lair:2)
  A torpor snail (Lair:2)
  A gargoyle (D:11)
  3 unseen horrors (D:11)
  6 cane toads
  2 efreet (Volcano)
  A kobold demonologist (D:10)
  4 komodo dragons
  3 rime drakes
  8 trolls
  3 hornets
  3 polar bears
  Sigmund (D:2)
  A wraith (D:9)
  62 yaks
  A shadow (D:11)
  A vampire (D:11)
  4 wyverns
  2 fire elementals (Volcano)
  A vampire mosquito (D:7)
  Edmund (D:5)
  3 nagas (Lair:2)
  4 water moccasins
  6 black bears
  5 orc warriors
  An ogre (D:7)
  4 centaurs
  17 wolves
  5 phantoms
  10 bullfrogs
  A necrophage (D:5)
  6 kobold brigands
  3 gnoll sergeants
  A scorpion (D:7)
  3 wights
  10 killer bees
  3 troll zombies (D:11)
  4 electric eels
  2 howler monkeys
  11 hounds
  2 jellies
  A gnoll bouda (D:6)
  5 orc priests
  Terence (D:3)
  3 iguanas
  Natasha (thrice) (D:4)
  10 orc wizards
  5 ogre zombies (D:11)
  20 gnolls
  6 adders
  3 shadow imps
  3 white imps
  An ufetubus (D:5)
  3 worms
  A dart slug (D:2)
  58 orcs
  2 ball pythons
  2 bats
  4 endoplasms
  3 giant cockroaches
  13 goblins
  7 hobgoblins
  2 jackals (D:1)
  5 quokkas
  A frilled lizard (D:3)
  A goblin skeleton (D:11)
  4 goblin zombies (D:11)
  A hobgoblin skeleton (D:11)
  6 hobgoblin zombies (D:11)
  27 kobolds
  3 orc skeletons (D:11)
  10 orc zombies (D:11)
  A rat (D:1)
  2 butterflies (D:4)
  2 fire vortices (Volcano)
  3 foxfires
443 creatures vanquished.

Vanquished Creatures (collateral kills)
  5 foxfires
5 creatures vanquished.

Vanquished Creatures (others)
  1450 foxfires
  9 fungi
  23 plants
  4 toadstools (D:1)
1486 creatures vanquished.

Grand Total: 1934 creatures vanquished

Table legend:
 A = Non-vault XP
 B = Vault XP
 C = Vault XP percentage of total XP
 D = Non-vault monster count
 E = Vault monster count
 F = Vault count percentage of total count
                 A         B        C        D         E       F
            +---------+---------+-------+---------+---------+-------
      Total |   33486 |   11390 |  25.4 |     312 |     124 |  28.4
            +---------+---------+-------+---------+---------+-------
        D:1 |      23 |       0 |   0.0 |      12 |       0 |   0.0
        D:2 |      89 |     243 |  73.2 |      15 |       1 |   6.2
        D:3 |      81 |      42 |  34.1 |       8 |       3 |  27.3
        D:4 |     381 |     195 |  33.9 |      23 |       9 |  28.1
        D:5 |     343 |     837 |  70.9 |      10 |       2 |  16.7
        D:6 |     934 |     810 |  46.4 |      29 |      12 |  29.3
        D:7 |    1337 |    1778 |  57.1 |      34 |       5 |  12.8
        D:8 |    1586 |       0 |   0.0 |      23 |       0 |   0.0
        D:9 |    4333 |    1793 |  29.3 |      36 |       7 |  16.3
       D:10 |    1979 |     604 |  23.4 |      22 |       9 |  29.0
       D:11 |    5690 |    2042 |  26.4 |      29 |      46 |  61.3
     Lair:1 |    4019 |     389 |   8.8 |      15 |       1 |   6.2
     Lair:2 |   10693 |    1083 |   9.2 |      46 |       7 |  13.2
     Lair:3 |    1998 |       0 |   0.0 |      10 |       0 |   0.0
     Bailey |       0 |     444 | 100.0 |       0 |      18 | 100.0
    Volcano |       0 |    1130 | 100.0 |       0 |       4 | 100.0
            +---------+---------+-------+---------+---------+-------

Illustrated notes

Table legend:
 A = Kills in this place as a percentage of kills in entire the game.
 B = Kills by you in this place as a percentage of kills by you in the entire game.
 C = Kills by friends in this place as a percentage of kills by friends in the entire game.
 D = Other kills in this place as a percentage of other kills in the entire game.
 E = Experience gained in this place as a percentage of experience gained in the entire game.
 F = Experience gained in this place divided by the number of levels of this place that you have seen.
                   A       B       C       D       E      F
               +-------+-------+-------+-------+-------+----------------------
         Total | 100.0 | 100.0 |   N/A |   N/A | 100.0 | 2639.8
       Dungeon |  76.8 |  76.8 |   N/A |   N/A |  56.0 | 2283.6
          Lair |  18.1 |  18.1 |   N/A |   N/A |  40.5 | 6060.7
        Bailey |   4.1 |   4.1 |   N/A |   N/A |   1.0 | 444.0
       Volcano |   0.9 |   0.9 |   N/A |   N/A |   2.5 | 1130.0
               +-------+-------+-------+-------+-------+----------------------

Table legend: (Time is in decaauts)
 A = Elapsed time spent in this place.
 B = Non-inter-level travel time spent in this place.
 C = Inter-level travel time spent in this place.
 D = Time resting spent in this place.
 E = Time spent auto-exploring this place.
 F = Levels seen in this place.
 G = Mean time per level.
                   A        B        C        D        E       F      G
               +--------+--------+--------+--------+--------+-----+--------+
         Total |  25896 |  25131 |    765 |   2089 |  17339 |  17 | 1523.3 |
       Dungeon |  20121 |  19480 |    641 |   1803 |  13791 |  11 | 1829.2 |
        Temple |    146 |    133 |     13 |      0 |     76 |   1 |  146.0 |
          Lair |   4681 |   4571 |    110 |     43 |   3414 |   3 | 1560.3 |
        Bailey |    728 |    728 |      0 |    158 |     58 |   1 |  728.0 |
       Volcano |    218 |    218 |      0 |     85 |      0 |   1 |  218.0 |
               +--------+--------+--------+--------+--------+-----+--------+

Top non-repeatable levels by time:
     D:8: 2894 daAuts
     D:9: 2577 daAuts
  Lair:2: 2560 daAuts
    D:11: 2554 daAuts
     D:6: 2291 daAuts
     D:7: 2061 daAuts
    D:10: 1926 daAuts
     D:4: 1912 daAuts
  Lair:1: 1691 daAuts
     D:2: 1143 daAuts
     D:5: 1090 daAuts
     D:1: 842 daAuts
     D:3: 828 daAuts
  Bailey: 728 daAuts
  Lair:3: 429 daAuts
